 Dungeon Crawl Stone Soup version 0.31-a0-664-g902f515a81 (webtiles) character file.

Game seed: 16914060132849432884

445 randomguy2701 the Chopper (level 7, 0/60 HPs)
             Began as a Hill Orc Fighter on Sept 2, 2023.
             Slain by a killer bee (2 damage)
             ... on level 5 of the Dungeon.
             The game lasted 00:03:16 (3269 turns).

randomguy2701 the Chopper (Hill Orc Fighter)        Turns: 3269, Time: 00:03:18

Health: 0/60       AC:  7    Str: 19    XL:     7   Next: 3%
Magic:  7/7        EV:  9    Int: 14    God:
Gold:   204        SH:  5    Dex: 12    Spells: 6/6 levels left

rFire   . . .        a - +0 war axe
rCold   . . .        c - +0 buckler
rNeg    . . .        b - +0 scale mail
rPois   .            (no helmet)
rElec   .            (no cloak)
rCorr   .            (no gloves)
SInv    .            (no boots)
Will    .....        (no amulet) Stlth
                     q - +6 ring of intelligence
HPRegen 0.30/turn    (no ring)
MPRegen 0.10/turn

%: no passive effects
@: mighty
A: no striking features
a: no special abilities


You were on level 5 of the Dungeon.
You visited 1 branch of the dungeon, and saw 5 of its levels.

You collected 204 gold pieces.

Inventory:

Hand Weapons
 a - a +0 war axe (weapon)
Missiles
 o - 2 throwing nets
Armour
 b - a +0 scale mail (worn)
 c - a +0 buckler (worn)
Jewellery
 q - a +6 ring of intelligence (left hand)
Scrolls
 f - a scroll of amnesia {unknown}
 i - 3 scrolls of identify {unknown}
 j - 2 scrolls of poison {unknown}
 l - a scroll of revelation {unknown}
 p - a scroll of teleportation {unknown}
 r - a scroll of fear {unknown}
Potions
 d - a potion of might
 e - 2 potions of lignification {unknown}
 h - 2 potions of attraction {unknown}
 k - a potion of cancellation {unknown}
 m - 2 potions of enlightenment {unknown}
 n - a potion of heal wounds {unknown}


   Skills:
 + Level 4.9 Fighting
 + Level 6.9 Axes
 + Level 4.6 Armour
 + Level 1.4 Dodging
 + Level 4.0 Shields


You had 6 spell levels left.
You didn't know any spells.
Your spell library contained the following spells:

 Spells                   Type           Power      Damage    Failure   Level
 Summon Small Mammal      Summ           0%         N/A       71%         1
 Call Canine Familiar     Summ           0%         N/A       97%         3
 Summon Guardian Golem    Hex/Summ       0%         N/A       97%         3
 Volatile Blastmotes      Fire/Tloc      0%         2d10      97%         3
 Fulminant Prism          Conj/Hex       0%         3d5       100%        4
 Iskenderun's Mystic Bla  Conj/Tloc      0%         2d3       100%        4


Dungeon Overview and Level Annotations

Branches:
Dungeon (5/15)
 Temple: D:4-7

Altars:
Dithmenos
Makhleb
Nemelex Xobeh
Ru
Xom
Yredelemnul
Zin

Shops:
D:1 (   D:3 *


Message History

You miss the killer bee.
The killer bee is heavily wounded.
You hit the killer bee. x2; The killer bee closely misses you.
The killer bee barely misses you.
The killer bee stings you but does no damage.
The killer bee stings you.
* * * LOW HITPOINT WARNING * * *
You block the killer bee's attack. The killer bee closely misses you.
You barely miss the killer bee.
The killer bee is heavily wounded.
You slash the killer bee! You miss the killer bee. The killer bee stings you.
* * * LOW HITPOINT WARNING * * *
You are poisoned.
The killer bee poisons you! The killer bee stings you.
* * * LOW HITPOINT WARNING * * *
The killer bee stings you.
* * * LOW HITPOINT WARNING * * *
The killer bee barely misses you.
The killer bee stings you but does no damage.
The killer bee stings you.
* * * LOW HITPOINT WARNING * * *
You are more poisoned.
The killer bee poisons you! The killer bee stings you.
* * * LOW HITPOINT WARNING * * *
You are more poisoned.
The killer bee poisons you! The killer bee stings you.
* * * LOW HITPOINT WARNING * * *
You are more poisoned.
The killer bee poisons you! The killer bee barely misses you.
You feel better. The killer bee stings you.
* * * LOW HITPOINT WARNING * * *
The killer bee barely misses you. You block the killer bee's attack.
The killer bee barely misses you. You block the killer bee's attack.
The killer bee barely misses you.
You feel very mighty all of a sudden. The killer bee stings you.
* * * LOW HITPOINT WARNING * * *
The killer bee stings you but does no damage.
The killer bee barely misses you. The killer bee stings you.
You die...

.## ...
##.######
###.......#
..........# ##.
#......y##y....
#....<.@yyyl...
#......y###S...
#.......# .
#.......#
#########


You could see an iguana, 6 killer bees and an adder.

Vanquished Creatures
  3 howler monkeys (D:4)
  3 hounds (D:4)
  A jelly (D:3)
  An iguana (D:4)
  4 gnolls (D:3)
  7 adders
  3 worms
  4 dart slugs
  4 orcs
  10 ball pythons
  5 endoplasms
  A giant cockroach (D:1)
  2 goblins
  6 hobgoblins
  3 jackals
  6 kobolds
  2 quokkas
  3 bats
  6 frilled lizards
  4 rats (D:2)
78 creatures vanquished.

Notes
Turn   | Place    | Note
-------+----------+-------------------------------------------
     0 | D:1      | randomguy2701 the Hill Orc Fighter began the quest for the
                  | Orb.
     0 | D:1      | Reached XP level 1. HP: 19/19 MP: 1/1
   221 | D:1      | Reached XP level 2. HP: 25/27 MP: 2/2
   348 | D:1      | Found Xeyshreo's Antique Weapon Shop.
   530 | D:1      | Reached skill level 3 in Axes
   850 | D:1      | Reached XP level 3. HP: 33/33 MP: 3/3
  1155 | D:2      | Identified the +9 mace "Xeangud" {drain, *Slow rPois rCorr
                  | Str-5}
  1439 | D:2      | Reached skill level 4 in Axes
  1449 | D:2      | Found a burning altar of Makhleb.
  1676 | D:3      | Reached XP level 4. HP: 40/40 MP: 4/4
  1870 | D:3      | Found Zin's Purification Station.
  1878 | D:3      | Found a glowing silver altar of Zin.
  2146 | D:3      | Reached XP level 5. HP: 41/47 MP: 5/5
  2160 | D:3      | Reached skill level 5 in Axes
  2272 | D:3      | Found a faded altar of an unknown god.
  2272 | D:3      | Noticed a chaos spawn
  2601 | D:4      | Found a sparkling altar of Nemelex Xobeh.
  2603 | D:4      | Found a shadowy altar of Dithmenos.
  2620 | D:4      | Found a sacrificial altar of Ru.
  2620 | D:4      | Found a shimmering altar of Xom.
  2620 | D:4      | Found a burning altar of Makhleb.
  2621 | D:4      | Found a basalt altar of Yredelemnul.
  2629 | D:4      | Reached skill level 1 in Dodging
  2629 | D:4      | Reached XP level 6. HP: 50/53 MP: 6/6
  2652 | D:4      | Reached skill level 6 in Axes
  3196 | D:4      | Reached XP level 7. HP: 47/60 MP: 7/7
  3255 | D:5      | Entered Level 5 of the Dungeon
  3267 | D:5      | HP: 3/60 [killer bee (1)]
  3269 | D:5      | Slain by a killer bee

Illustrated notes

Levels and vault maps discovered:
D:1:      dpeg_arrival_ternary, layout_loops_ring, serial_bayou,
          serial_bayou_crossing, serial_bayou_lake_a, serial_shops,
          nicolae_shop_waterfront, minmay_shallow_snake_nest
D:2:      layout_rooms, basic_altar, minmay_split_cup_large
D:3:      layout_rooms, zin_purify, dreamdust_ecumenical_altar_sealed_demon
D:4:      layout_basic, grunt_temple_overflow_open, corexii_corridor_pit,
          kennysheep_nondescript, kennysheep_generic_room_3
D:5:      layout_loops_cross, serial_shops, nicolae_shop_statue_plus,
          st_stairs_2

Skill      XL: |  1  2  3  4  5  6 |
---------------+-------------------+-----
Axes           | 3 4 5 6 |  6.9
Fighting       | 4 |  4.9
Armour         | 4 |  4.6
Dodging        | 1 |  1.4
Shields        | 4 |  4.0

Action                     |  1- 3 |  4- 6 |  7- 9 || total
---------------------------+-------+-------+-------++-------
  Melee: War axe           |   136 |   154 |     8 ||   298
    Use: Potion            |       |       |     4 ||     4
 Armour: Scale mail        |   100 |   142 |    31 ||   273
  Dodge: Dodged            |    80 |    96 |    28 ||   204
  Block: Buckler           |    28 |    40 |     6 ||    74

Table legend: (Time is in decaauts)
 A = Elapsed time spent in this place.
 B = Non-inter-level travel time spent in this place.
 C = Inter-level travel time spent in this place.
 D = Time resting spent in this place.
 E = Time spent auto-exploring this place.
 F = Levels seen in this place.
 G = Mean time per level.
                   A        B        C        D        E       F      G
               +--------+--------+--------+--------+--------+-----+--------+
         Total |   3420 |   3336 |     84 |      0 |   2689 |   5 |  684.0 |
       Dungeon |   3420 |   3336 |     84 |      0 |   2689 |   5 |  684.0 |
               +--------+--------+--------+--------+--------+-----+--------+

Top non-repeatable levels by time:
     D:1: 1162 daAuts
     D:3: 894 daAuts
     D:4: 742 daAuts
     D:2: 605 daAuts
     D:5: 15 daAuts
